 Dungeon Crawl Stone Soup version 0.23-a0-402-g64599a1 (console) character file.

30 bli the Insei (level 3, -6/23 HPs)
             Began as an Octopode Transmuter on Nov 4, 2018.
             Was an Initiate of Dithmenos.
             Killed from afar by a white imp (12 damage)
             ... with a puff of frost
             ... summoned by Natasha
             ... on level 2 of the Dungeon.
             The game lasted 00:03:40 (1002 turns).

bli the Insei (Octopode Transmuter)                 Turns: 1002, Time: 00:03:40

Health: -6/23      AC:  1    Str: 10    XL:     3   Next: 18%
Magic:  5/6        EV: 13    Int: 15    God:    Dithmenos [......]
Gold:   116        SH:  0    Dex: 12    Spells: 5/6 levels left

rFire    + . .     SeeInvis .     - Unarmed
rCold    x . .     Gourm    .   (no shield)
rNeg     + . .     Faith    .   (helmet restricted)
rPois    .         Spirit   .   (no amulet)
rElec    .         Reflect  .   k - ring of fire
rCorr    .         Harm     .   l - ring of positive energy
MR       .....                  (no ring)
Stlth    ++........             (no ring)
HPRegen  0.07/turn              (no ring)
MPRegen  0.10/turn              (no ring)
                                (no ring)
                                (no ring)

@: appendage (expiring), very slightly contaminated
A: almost no armour, stealthy swim, amphibious, 8 rings, constrict 8, tentacle
spike 3, camouflage 1, gelatinous body 1
a: End Transformation, Renounce Religion


You were on level 2 of the Dungeon.
You worshipped Dithmenos.
Dithmenos was noncommittal.
You were not hungry.
One of your tentacles had a temporary spike.
You visited 1 branch of the dungeon, and saw 2 of its levels.

You collected 116 gold pieces.

Inventory:

Missiles
 a - 27 arrows
 g - 29 stones (quivered)
Jewellery
 k - a ring of fire (left tentacle)
 l - a ring of positive energy (right tentacle)
Scrolls
 b - a scroll of enchant armour {unknown}
Potions
 d - a potion of agility {unknown}
 e - a potion of degeneration {unknown}
 f - 2 potions of brilliance {unknown}
 i - a potion of heal wounds {unknown}
 j - 2 potions of haste {unknown}
Comestibles
 c - 3 rations


   Skills:
 * Level 1.4 Fighting
 + Level 2.2 Dodging
 + Level 0.2 Stealth
 * Level 3.7 Unarmed Combat
 + Level 2.1 Spellcasting
 + Level 2.0 Transmutations


You had 5 spell levels left.
You knew the following spells:

 Your Spells              Type           Power        Failure   Level  Hunger
a - Beastly Appendage     Tmut           #.....       10%         1    #......

Your spell library contained the following spells:

 Spells                   Type           Power        Failure   Level  Hunger
 Sticks to Snakes         Tmut           #.......     14%         2    ###....
 Spider Form              Tmut/Pois      #.........   41%         3    ###....
 Ice Form                 Ice/Tmut       #.......     82%         4    #####..
 Blade Hands              Tmut           #.........   95%         5    ######.


Dungeon Overview and Level Annotations

Branches:
Dungeon (2/15)

Altars:
Dithmenos

Annotations:
D:2 Natasha


Innate Abilities, Weirdness & Mutations

You cannot wear most types of armour.
You are very stealthy in the water. (Stealth+)
You are amphibious.
You can wear up to eight rings at the same time.
You can use your tentacles to constrict eight enemies at once.
Your skin changes colour to match your surroundings (Stealth+).
Your rubbery body absorbs attacks. (AC +1, EV +1)
One of your tentacles bears a large vicious spike.


Message History

You tentacle-slap the crimson imp but do no damage.
Your grab misses the crimson imp.
Your tentacle spike misses the crimson imp.
Your squeeze misses the crimson imp.
The crimson imp is lightly wounded.
The crimson imp closely misses you.
The crimson imp disappears in a puff of smoke!
The white imp gestures at you. The puff of frost hits you!
You feel a terrible chill!
Ouch! That really hurt!
* * * LOW HITPOINT WARNING * * *
Natasha hisses.
Natasha casts a spell.
As you read the scroll labeled DYGAIQ JOACZOO, it crumbles to dust.
The scroll dissolves into smoke.
It was a scroll of fog.
Your transformation is almost over.
The white imp gestures at you. The puff of frost hits you!
You feel a terrible chill!
Ouch! That really hurt!
You die...

........####.....................
..........#####....###...........
.................... #...........
.....#............##..#####......
.....#.......###... #. ......##
....)..###...###.. . #...##.
......####.#.h§## #.## #.
...[..##.5.###.# .......h.###
#5### ...(###### #§§§## ....
###@§# .... ##§§# h... #§... ....
#..... .... .#### . . ..


You could see a white imp.

Vanquished Creatures
  An adder (D:2)
  A leopard gecko (D:2)
  A ball python (D:2)
  3 giant cockroaches
  3 hobgoblins
  2 bats
  A frilled lizard (D:1)
  4 goblins
  2 kobolds
  A rat (D:1)
19 creatures vanquished.

Notes
Turn   | Place    | Note
-------+----------+-------------------------------------------
     0 | D:1      | bli the Octopode Transmuter began the quest for the Orb.
     0 | D:1      | Reached XP level 1. HP: 13/13 MP: 3/3
   307 | D:1      | Reached XP level 2. HP: 15/18 MP: 3/5
   551 | D:2      | Found a shadowy altar of Dithmenos.
   554 | D:2      | Became a worshipper of Dithmenos the Shadowed
   976 | D:2      | Reached XP level 3. HP: 23/23 MP: 4/6
   980 | D:2      | Noticed Natasha
  1002 | D:2      | Killed from afar by a white imp

Vault maps used:
D:1:      minmay_arrival_split_and_join
D:2:      first_ration, grunt_dithmenos_smoke_and_mirrors, uniq_natasha

Action                   || total
-------------------------++-------
Melee: Unarmed           ||    46
       Constrict         ||    13
       Tentacles         ||     5
       Kick              ||     4
Throw: Stone             ||     3
 Cast: Beastly Appendage ||     7
  Use: Scroll            ||     1
 Stab: Sleeping          ||     5
Armor: Skin              ||     4
Dodge: Dodged            ||    24

Table legend:
 A = Non-vault XP
 B = Vault XP
 C = Vault XP percentage of total XP
 D = Non-vault monster count
 E = Vault monster count
 F = Vault count percentage of total count
                 A         B        C        D         E       F
            +---------+---------+-------+---------+---------+-------
      Total |      43 |       0 |   0.0 |      19 |       0 |   0.0
            +---------+---------+-------+---------+---------+-------
        D:1 |      16 |       0 |   0.0 |      11 |       0 |   0.0
        D:2 |      27 |       0 |   0.0 |       8 |       0 |   0.0
            +---------+---------+-------+---------+---------+-------
